 Dungeon Crawl Stone Soup version 0.31-a0-845-g9abc20d24f (webtiles) character file.

Game seed: 10942619223036800996

25118 JackS81 the Summoner (level 13, -8/108 HPs)
             Began as a Hill Orc Summoner on Sept 30, 2023.
             Was a High Priest of Nemelex Xobeh.
             Killed from afar by a lindwurm (24 damage)
             ... with a blast of flame
             ... on level 3 of the Lair of Beasts on Oct 3, 2023.
             The game lasted 01:26:03 (14150 turns).

JackS81 the Summoner (Hill Orc Summoner)           Turns: 14150, Time: 01:26:05

Health: -8/108     AC: 12    Str: 12    XL:     13   Next: 17%
Magic:  7/25       EV: 17    Int: 19    God:    Nemelex Xobeh [*****.]
Gold:   714        SH:  0    Dex: 11    Spells: 13/28 levels left

rFire   . . .        d - +4 quick blade (drain)
rCold   . . .        (no shield)
rNeg    . . .        L - +0 steam dragon scales
rPois   .            v - +2 helmet
rElec   .            K - +1 cloak
rCorr   .            t - +0 pair of gloves
SInv    .            u - +0 pair of boots
Will    .....        (no amulet)
Stlth   ++           a - +5 ring of evasion
HPRegen 0.38/turn    N - ring of wizardry
MPRegen 0.19/turn

%: wizardry (x1)
@: no status effects
A: no striking features
a: Renounce Religion, Draw Escape, Draw Destruction, Draw Summoning, Triple
Draw, Deal Four, Stack Five


You were on level 3 of the Lair of Beasts.
You worshipped Nemelex Xobeh.
Nemelex Xobeh was extremely pleased with you.
You visited 3 branches of the dungeon, and saw 15 of its levels.
You also visited: Ice Cave.

You collected 766 gold pieces.
You spent 52 gold pieces at shops.

Inventory:

Hand Weapons
 d - a +4 quick blade of draining (weapon)
 e - a +2 dagger of distortion
 j - a +3 hand axe
 y - a +1 dagger of holy wrath
 G - a +3 war axe
 H - a +5 battleaxe
Missiles
 g - 4 javelins (quivered)
Armour
 l - a +2 ring mail of positive energy
 t - a +0 pair of gloves (worn)
 u - a +0 pair of boots (worn)
 v - a +2 helmet (worn)
 D - a +0 leather armour of poison resistance
 E - +0 acid dragon scales
 K - a +1 cloak (worn)
 L - +0 steam dragon scales (worn)
 S - a +1 hat of see invisible
 V - an orb of wrath
Magical Staves
 F - a staff of cold
Jewellery
 a - a +5 ring of evasion (left hand)
 c - a +5 ring of evasion
 N - a ring of wizardry (right hand)
 P - a ring of protection from cold
 U - a +6 ring of intelligence
 Z - a ring of willpower
Wands
 A - a wand of roots (11)
 Q - a wand of flame (10)
 T - a wand of quicksilver (3)
Scrolls
 f - 4 scrolls of teleportation
 k - 3 scrolls of fear
 m - a scroll of fog
 o - 5 scrolls of amnesia
 q - 7 scrolls of poison
 s - 4 scrolls of blinking {unknown}
 w - 2 scrolls of revelation {unknown}
 x - a scroll of immolation {unknown}
 z - a scroll of silence {unknown}
 B - 2 scrolls of summoning {unknown}
 J - 2 scrolls of enchant armour {unknown}
 M - a scroll of enchant weapon {unknown}
 O - a scroll of noise {unknown}
 W - 2 scrolls of identify
 X - a scroll of torment {unknown}
Potions
 b - 2 potions of magic
 h - 3 potions of enlightenment
 i - 2 potions of brilliance
 n - 2 potions of cancellation
 p - 2 potions of curing
 r - 2 potions of resistance
 I - 3 potions of haste
 R - a potion of lignification
 Y - a potion of mutation {unknown}
Miscellaneous
 C - a phantom mirror


   Skills:
 * Level 8.4 Fighting
 * Level 6.7 Short Blades
 - Level 2.7(2.8) Axes
 - Level 0.3(1.4) Maces & Flails
 - Level 1.5 Dodging
 - Level 1.5 Stealth
 + Level 8.1 Spellcasting
 * Level 6.9 Hexes
 * Level 13.3 Summonings
 - Level 3.3 Necromancy
 - Level 2.7 Air Magic
 - Level 3.0 Poison Magic
 * Level 6.8 Invocations


You had 13 spell levels left.
You knew the following spells:

 Your Spells              Type           Power      Damage    Failure   Level
a - Summon Small Mammal   Summ           100%       N/A       1%          1
b - Call Imp              Summ           100%       N/A       1%          2
c - Call Canine Familiar  Summ           55%        N/A       1%          3
d - Summon Guardian Gole  Hex/Summ       46%        N/A       1%          3
e - Cigotuvi's Dreadful   Necr/Pois/Air  38%        N/A       1%          2
f - Summon Lightning Spi  Summ/Air       38%        N/A       1%          4

Your spell library contained the following spells:

 Spells                   Type           Power      Damage    Failure   Level
 Sublimation of Blood     Necr           20%        N/A       1%          2
 Tukima's Dance           Hex            34%        N/A       1%          3
 Dazzling Flash           Conj/Hex       40%        N/A       2%          3
 Freeze                   Ice            28%        1d5       3%          1
 Ignite Poison            Fire/Tmut/Pois 11%        N/A       8%          3
 Dimensional Bullseye     Hex/Tloc       10%        N/A       9%          4
 Frozen Ramparts          Ice            14%        1d3       11%         3
 Hailstorm                Conj/Ice       7%         3d4       11%         3
 Volatile Blastmotes      Fire/Tloc      14%        2d11      11%         3
 Iskenderun's Mystic Bla  Conj/Tloc      7%         2d4       32%         4
 Petrify                  Tmut/Erth      7%         N/A       32%         4
 Borgnjor's Vile Clutch   Necr/Erth      7%         N/A       43%         5
 Alistair's Intoxication  Tmut/Pois      8%         N/A       45%         5
 Freezing Cloud           Conj/Ice/Air   5%         6-21      52%         5
 Irradiate                Conj/Tmut      3%         3d12      65%         5
 Eringya's Noxious Bog    Tmut/Pois      6%         4d6       95%         6
 Starburst                Conj/Fire      3%         6d3       99%         6
 Maxwell's Capacitive Co  Air            9%         ∞         100%        8


Dungeon Overview and Level Annotations

Branches:
Dungeon (11/15)            Temple (1/1) D:6            Lair (3/5) D:11
    Orc (0/2) D:11          IceCv (visited)
  Swamp: Lair:2-3    Shoals: Lair:2-3     Snake: Lair:2-3    Spider: Lair:2-3

Altars:
Ashenzari
Cheibriados
Dithmenos
Elyvilon
Fedhas
Gozag
Hepliaklqana
Kikubaaqudgha
Makhleb
Nemelex Xobeh
Okawaru
Qazlal
Ru
Sif Muna
Trog
Uskayaw
Vehumet
Wu Jian
Xom
Yredelemnul
Zin
The Shining One
Beogh

Shops:
D:2 [   D:8 ?

Annotations:
D:5 2 transporters, GreedOfGod's ghost, novice DsFE
D:6 3 runed translucent doors, Ethylacetat's ghost, novice OpGl; Ijustatesigmund's ghost, novice DEFE


Message History

Space warps horribly around your lightning spire!
Flame seeps out of your guardian golem.
Sonja hits your lightning spire with a +2 short sword of distortion.
Space warps around your lightning spire.
Flame seeps out of your guardian golem.
Sonja hits your lightning spire with a +2 short sword of distortion.
Space warps around your lightning spire.
Flame seeps out of your guardian golem.
Your cerulean imp closely misses Sonja.
You feel better.
Your wolf completely misses Sonja.
Sonja zaps a wand.
The bolt of dispelling energy hits your lightning spire.
Your lightning spire's magical effects unravel!
Flame seeps out of your guardian golem.
Your guardian golem is engulfed in blazing flames.
Flame seeps out of your guardian golem.
Your wolf misses Sonja.
Your cerulean imp hits Sonja from afar with a +1 spear.
Sonja dies!
Okay, then.
You feel better.
Your guardian golem disappears in a puff of smoke!
The lindwurm bites you but does no damage.
The lindwurm barely misses you. The lindwurm claws you.
* * * LOW HITPOINT WARNING * * *
Your cerulean imp hits the lindwurm from afar with a +1 spear.
Your wolf barely misses the lindwurm.
The lindwurm closely misses you.
The lindwurm claws you but does no damage. x2
Your cerulean imp hits the lindwurm but does no damage.
Your wolf bites the lindwurm but does no damage.
The lindwurm bites you!
* * * LOW HITPOINT WARNING * * *
The lindwurm claws you but does no damage. x2
Your wolf bites the lindwurm.
Your cerulean imp hits the lindwurm from afar with a +1 spear.
You swap places.
Your wolf bites the lindwurm!
The lindwurm breathes flames at you. The blast of flame hits your wolf!!
Your wolf dies!
Your wolf's corpse disappears in a puff of smoke!
The blast of flame hits you!!
You die...
Your body glows with a rainbow of weird colours and disappears.

#......#
##.....##
#.......#
#.......#
##.....##
##......##
#[.......# ..
#......)##
..P..##.@.#8#
.....##5§..##
..##.P.k..#
## #.....##
#.##.## #.
.## ....
..... .#....


You could see a lindwurm (catching breath, ally target) and a friendly cerulean
imp (summoned).

Vanquished Creatures
  A two-headed ogre (D:10)
  A boulder beetle (D:11)
  Nergalle (D:10)
  A swamp dragon (D:11)
  An ugly thing (IceCv)
  2 ice statues (IceCv)
  2 cane toads
  A kobold demonologist (D:10)
  Psyche (D:8)
  Grinder (D:3)
  2 blink frogs (Lair:2)
  Grum (D:10)
  A wyvern (D:8)
  A yak (Lair:1)
  2 water moccasins (Lair:1)
  A black bear (D:5)
  An ice beast (D:8)
  An orc warrior (D:9)
  4 wolves
  A phantom (D:5)
  A scorpion (D:5)
  5 bullfrogs
  A wight (D:6)
  4 killer bees
  A howler monkey (D:8)
  An orc priest (D:5)
  2 sleepcaps
  An iguana (D:7)
  Natasha (D:4)
  2 spriggan simulacra (D:11)
  3 adders (D:5)
  A shadow imp (D:6)
  A worm (D:2)
  4 dart slugs
  3 orcs
  5 ball pythons
  4 endoplasms
  4 giant cockroaches
  8 goblins
  8 hobgoblins
  3 quokkas
  5 bats
  2 kobolds
  2 rats
  A butterfly (Lair:1)
100 creatures vanquished.

Vanquished Creatures (collateral kills)
  A rockslime (D:10)
  A boulder beetle (Lair:2)
  A two-headed ogre (D:10)
  Sonja (Lair:3)
  A harpy (D:10)
  An ugly thing (IceCv)
  An oklob plant (Lair:2)
  2 cyclopes (D:11)
  3 cane toads
  2 unseen horrors
  A rime drake (Lair:2)
  2 komodo dragons (Lair:1)
  A troll (D:10)
  A hornet (D:10)
  Prince Ribbit (D:8)
  A blink frog (Lair:2)
  A wyvern (D:10)
  A shadow (D:11)
  10 yaks
  2 steam dragons
  A basilisk (Lair:2)
  A death yak simulacrum (IceCv)
  A vampire mosquito (D:11)
  An acid dragon (D:11)
  A water moccasin (D:6)
  2 orc warriors
  An ice beast (shapeshifter) (D:10)
  An ice beast (D:6)
  A sky beast (D:6)
  2 black bears
  2 ogres
  3 wolves (Lair:2)
  2 centaurs
  A kobold brigand (D:9)
  A scorpion (D:5)
  2 bullfrogs
  2 wights (D:6)
  3 killer bees
  2 elephant simulacra (IceCv)
  6 howler monkeys
  2 jellies
  4 hounds
  A gnoll bouda (D:6)
  Crazy Yiuf (D:7)
  Natasha (twice) (D:4)
  An orc wizard (D:6)
  A troll simulacrum (D:11)
  Robin (D:3)
  7 gnolls
  An adder (D:3)
  A naga simulacrum (D:11)
  A shadow imp (D:5)
  An ufetubus (D:6)
  2 dart slugs
  14 orcs
  2 ball pythons (D:2)
  2 bats (D:1)
  3 endoplasms
  2 giant cockroaches (D:4)
  6 goblins
  6 hobgoblins
  11 kobolds
  A quokka (D:4)
  A rat (D:1)
  A butterfly (Lair:1)
146 creatures vanquished.

Vanquished Creatures (others)
  A hydra (Lair:2)
  2 two-headed ogres
  A skeletal warrior (D:11)
  A black mamba (Lair:2)
  2 komodo dragons
  Maggie (D:7)
  An unseen horror (D:11)
  5 yaks
  2 basilisks
  A water moccasin (Lair:2)
  An orc warrior (D:5)
  5 wolves
  A centaur (D:7)
  2 wights (D:6)
  3 killer bees
  A naga simulacrum (D:11)
30 creatures vanquished.

Grand Total: 276 creatures vanquished

Notes
Turn   | Place    | Note
-------+----------+-------------------------------------------
     0 | D:1      | JackS81 the Hill Orc Summoner began the quest for the Orb.
     0 | D:1      | Reached XP level 1. HP: 14/14 MP: 3/3
   279 | D:1      | Reached XP level 2. HP: 13/20 MP: 1/4
   347 | D:1      | Found a roughly hewn altar of Beogh.
   384 | D:1      | Found a faded altar of an unknown god.
   387 | D:1      | Prayed at the altar of an unknown god.
   387 | D:1      | Became a worshipper of Nemelex Xobeh the Trickster
   387 | D:1      | Reached * piety under Nemelex Xobeh
   504 | D:1      | Learned a level 2 spell: Call Imp
   599 | D:1      | Reached XP level 3. HP: 10/26 MP: 2/5
   985 | D:1      | Received a gift from Nemelex Xobeh
  1104 | D:2      | Found Neugireps's Armour Boutique.
  1346 | D:2      | HP: 1/26 [bat (1)]
  1351 | D:2      | HP: 1/26 [frozen (1)]
  1354 | D:2      | Reached skill level 5 in Summonings
  1800 | D:3      | Learned a level 3 spell: Call Canine Familiar
  1825 | D:3      | Reached XP level 4. HP: 33/33 MP: 1/7
  1885 | D:3      | Reached ** piety under Nemelex Xobeh
  1957 | D:3      | Reached skill level 1 in Invocations
  1961 | D:3      | Found a shadowy altar of Dithmenos.
  2117 | D:3      | Reached XP level 5. HP: 24/38 MP: 3/8
  2180 | D:3      | Found a basalt altar of Yredelemnul.
  2182 | D:3      | Found a hazy altar of Hepliaklqana.
  2182 | D:3      | Noticed Robin
  2204 | D:3      | Killed Robin
  2468 | D:3      | Learned a level 3 spell: Summon Guardian Golem
  2481 | D:3      | Found a glowing golden altar of the Shining One.
  2522 | D:3      | Noticed Grinder
  2648 | D:3      | Paralysed by Grinder for 3 turns
  2688 | D:3      | Killed Grinder
  2689 | D:3      | Reached skill level 1 in Fighting
  2689 | D:3      | Reached skill level 1 in Axes
  2689 | D:3      | Reached skill level 6 in Summonings
  2689 | D:3      | Reached XP level 6. HP: 20/47 MP: 1/10
  3103 | D:4      | Reached skill level 1 in Hexes
  3103 | D:4      | Reached XP level 7. HP: 52/52 MP: 1/12
  3332 | D:4      | Identified a scroll of acquirement
  3590 | D:4      | Noticed Natasha
  3598 | D:4      | Killed Natasha
  3695 | D:4      | Noticed Natasha
  3705 | D:4      | Killed Natasha
  3809 | D:4      | Noticed Natasha
  3817 | D:4      | Killed Natasha
  3980 | D:5      | Entered Level 5 of the Dungeon
  3984 | D:5      | Learned a level 2 spell: Cigotuvi's Dreadful Rot
  4060 | D:5      | Acquired a +4 quick blade of draining
  4073 | D:5      | Identified the +8 chain mail of Greed {rPois Slay+2 Stlth-}
  4073 | D:5      | Noticed GreedOfGod's ghost (novice DsFE)
  4082 | D:5      | Found a transporter.
  4416 | D:5      | Reached *** piety under Nemelex Xobeh
  4429 | D:5      | Received a gift from Nemelex Xobeh
  4532 | D:5      | Found a transporter.
  4543 | D:5      | Reached XP level 8. HP: 61/61 MP: 8/13
  4592 | D:5      | Reached skill level 1 in Short Blades
  4592 | D:5      | Reached skill level 1 in Necromancy
  4790 | D:5      | Reached skill level 1 in Air Magic
  4790 | D:5      | Reached skill level 1 in Poison Magic
  4962 | D:5      | Reached skill level 7 in Summonings
  5282 | D:6      | Received a gift from Nemelex Xobeh
  5443 | D:6      | Reached XP level 9. HP: 70/70 MP: 1/15
  5463 | D:6      | HP: 3/61 [wight/+2 flail (10)]
  5690 | D:6      | Received a gift from Nemelex Xobeh
  5690 | D:6      | Found an ornate altar of the Wu Jian Council.
  5690 | D:6      | Found a sacrificial altar of Ru.
  5700 | D:6      | Found a bloodstained altar of Trog.
  5703 | D:6      | Found an ancient bone altar of Kikubaaqudgha.
  5764 | D:6      | Found a runed translucent gate.
  5765 | D:6      | Found a runed translucent gate.
  5765 | D:6      | Found a runed translucent gate.
  5766 | D:6      | Noticed Ethylacetat's ghost (novice OpGl)
  5767 | D:6      | Noticed Ijustatesigmund's ghost (novice DEFE)
  6020 | D:6      | Found a staircase to the Ecumenical Temple.
  6128 | D:6      | Reached **** piety under Nemelex Xobeh
  6333 | Temple   | Entered the Ecumenical Temple
  6558 | D:7      | Noticed Maggie
  6584 | D:7      | Killed Maggie
  6700 | D:7      | Received a gift from Nemelex Xobeh
  6829 | D:7      | Found a runed translucent door.
  6830 | D:7      | Noticed Crazy Yiuf
  6841 | D:7      | Killed Crazy Yiuf
  6842 | D:7      | Reached skill level 5 in Spellcasting
  6963 | D:7      | Killed an unseen horror
  6964 | D:7      | Reached skill level 8 in Summonings
  7184 | D:8      | Found Huekhluut's Magic Scroll Emporium.
  7191 | D:8      | Bought a scroll of identify for 26 gold pieces
  7191 | D:8      | Bought a scroll of identify for 26 gold pieces
  7275 | D:8      | Killed an unseen horror
  7276 | D:8      | Reached XP level 10. HP: 71/80 MP: 10/17
  7281 | D:8      | Learned a level 4 spell: Summon Lightning Spire
  7334 | D:8      | Noticed a two-headed ogre
  7347 | D:8      | Killed a two-headed ogre
  7354 | D:8      | Reached skill level 5 in Fighting
  7526 | D:8      | Received a gift from Nemelex Xobeh
  7849 | D:8      | Noticed Prince Ribbit
  7849 | D:8      | Noticed Psyche
  7862 | D:8      | Killed Prince Ribbit
  7872 | D:8      | Killed Psyche
  7873 | D:8      | Reached skill level 9 in Summonings
  8694 | D:9      | Found a broken altar of Ashenzari.
  8917 | D:10     | Entered Level 10 of the Dungeon
  8930 | D:10     | Identified the -1 quarterstaff of the Open Hand {antimagic,
                  | rPois rCorr Int+8 Stlth-}
  8935 | D:10     | Noticed a two-headed ogre
  8970 | D:10     | Killed a two-headed ogre
  8978 | D:10     | Reached skill level 10 in Summonings
  8978 | D:10     | Reached XP level 11. HP: 89/89 MP: 1/20
  8982 | D:10     | Noticed Nergalle
  8998 | D:10     | Killed Nergalle
  8999 | D:10     | Reached skill level 5 in Hexes
  9044 | D:10     | Noticed a two-headed ogre
  9054 | D:10     | Killed a two-headed ogre
  9121 | D:10     | Noticed Grum
  9150 | D:10     | Killed Grum
  9241 | D:10     | Found a stormy altar of Qazlal.
  9247 | D:10     | Found a shimmering altar of Xom.
  9247 | D:10     | Found a blossoming altar of Fedhas.
  9430 | D:10     | Noticed Gastronok
  9447 | D:10     | Gastronok changed into Gastronok the rockslime
  9447 | D:10     | Noticed Gastronok
  9447 | D:10     | a yak changed into a harpy
  9447 | D:10     | Noticed a harpy
  9454 | D:10     | Killed a harpy
  9455 | D:10     | Reached skill level 5 in Short Blades
  9455 | D:10     | Reached skill level 11 in Summonings
  9461 | D:10     | Killed Gastronok the rockslime
  9862 | D:11     | Found a staircase to the Orcish Mines.
 10030 | D:11     | Reached ***** piety under Nemelex Xobeh
 10030 | D:11     | Received a gift from Nemelex Xobeh
 10090 | D:11     | Found a frozen archway.
 10097 | IceCv    | Entered an ice cave
 10097 | IceCv    | Noticed a white ugly thing
 10103 | IceCv    | Killed a white ugly thing
 10110 | IceCv    | Found a transporter.
 10114 | IceCv    | Noticed a white ugly thing
 10121 | IceCv    | Found a transporter.
 10145 | IceCv    | Killed a green ugly thing
 10498 | D:11     | Reached XP level 12. HP: 100/100 MP: 17/22
 10569 | D:11     | Found a staircase to the Lair.
 10598 | D:11     | Noticed a boulder beetle
 10630 | D:11     | Killed a boulder beetle
 10683 | D:11     | Reached skill level 5 in Invocations
 10813 | D:11     | Noticed a two-headed ogre
 10829 | D:11     | Killed a two-headed ogre
 10830 | D:11     | Reached skill level 12 in Summonings
 11356 | Lair:1   | Entered Level 1 of the Lair of Beasts
 11436 | Lair:1   | Received a gift from Nemelex Xobeh
 11991 | Lair:1   | Received a gift from Nemelex Xobeh
 12365 | Lair:1   | Received a gift from Nemelex Xobeh
 13007 | Lair:2   | Noticed a seven-headed hydra
 13016 | Lair:2   | Killed a seven-headed hydra
 13087 | Lair:2   | Reached skill level 13 in Summonings
 13117 | Lair:2   | Reached XP level 13. HP: 70/107 MP: 11/24
 13357 | Lair:2   | Received a gift from Nemelex Xobeh
 14056 | Lair:3   | Upgraded the game from 0.31-a0-844-gdc52ec4e09 to
                  | 0.31-a0-845-g9abc20d24f
 14129 | Lair:3   | Noticed Sonja
 14146 | Lair:3   | Killed Sonja
 14150 | Lair:3   | Killed from afar by a lindwurm

Illustrated notes

Levels and vault maps discovered:
D:1:      dpeg_cavernosity, layout_loops_ring,
          hellmonk_ecumenical_altar_defaced_shrine
D:2:      layout_basic, serial_shops, shop, minivault_24,
          nicolae_elevator_lobby_asterisk
D:3:      layout_loops_ring, lemuel_tele_altar, nicolae_tso_carved_into_rock,
          mainiacjoe_overflow_large_starburst, uniq_grinder, uniq_robin
D:4:      layout_rooms, gup_sewer_entry_bowl,
          nicolae_concentric_dashed_squares_mild, hex_large, uniq_natasha
D:5:      layout_loops_corners, gammafunk_ghost_stat_death
D:6:      layout_gridville, nicolae_overflow_macrodata_refinement,
          minmay_temple_entry_ruins, gammafunk_ghost_cemetery
D:7:      dreamdust_elfheim, layout_basic, nrook_mini_vaults,
          uniq_crazy_yiuf_cottage, uniq_jeremiah, uniq_maggie
D:8:      layout_gridville, serial_glass, glass_columns_a, glass_columns_a,
          serial_shops, shop, st_stairs_8, uniq_prince_ribbit1, uniq_psyche
D:9:      layout_loops_ring, mainiacjoe_overflow_cross_hatched
D:10:     layout_rooms, grunt_temple_overflow_open, uniq_nergalle, uniq_grum,
          uniq_gastronok
D:11:     minmay_slanted_spiral_squares, layout_basic, lair_entry_dummy,
          david_orc_2, portal_ice_cave_entry_ice_simulacra,
          serial_bayou_crossing
Temple:   hellmonk_temple_micro_hex
Lair:1:   layout_hall_layers, grunt_megastairs_2, infiniplex_staircase_pool_2,
          serial_bayou_shore_b, lemuel_fruit_fields
Lair:2:   layout_roguey, lightli_volcano_entry_magma_tube
Lair:3:   layout_roguey, shoals_dummy_entry, guppyfry_snake_entry_garden,
          minivault_26, uniq_sonja

Skill      XL: |  1  2  3  4  5  6  7  8  9 10 11 12 13 |
---------------+----------------------------------------+-----
Summonings     | 5 6 7 8 10 11 13 | 13.3
Spellcasting   | 2 3 4 5 6 7 8 |  8.1
Invocations    | 1 2 4 6 |  6.8
Fighting       | 1 2 3 4 5 7 8 |  8.4
Axes           | 1 2 |  2.7
Hexes          | 1 2 3 4 5 6 |  6.9
Short Blades   | 2 3 4 5 6 |  6.7
Necromancy     | 2 3 |  3.3
Air Magic      | 1 2 |  2.7
Poison Magic   | 2 3 |  3.0
Maces & Flails | |  0.3
Dodging        | |  1.5
Stealth        | |  1.5

Action                     |  1- 3 |  4- 6 |  7- 9 | 10-12 | 13-15 || total
---------------------------+-------+-------+-------+-------+-------++-------
  Melee: Whip              |    41 |       |       |       |       ||    41
         Punch             |     2 |       |     1 |     3 |       ||     6
         Hand axe          |    40 |    71 |    39 |       |       ||   150
         Quick blade       |       |       |   104 |   250 |    43 ||   397
  Throw: Javelin           |       |       |     2 |       |       ||     2
   Cast: Summon Small Mamm |    11 |     6 |    25 |    30 |     3 ||    75
         Call Imp          |    16 |    10 |    33 |    41 |     7 ||   107
         Call Canine Famil |     1 |     8 |    38 |    53 |     9 ||   109
         Summon Guardian G |       |     1 |    11 |    47 |     7 ||    66
         Summon Lightning  |       |       |       |    12 |     4 ||    16
         Cigotuvi's Dreadf |       |       |       |     1 |       ||     1
 Invoke: Draw Summoning    |       |     1 |     1 |     7 |       ||     9
         Draw Destruction  |       |       |     3 |    20 |     1 ||    24
         Draw Escape       |       |       |     1 |     2 |       ||     3
    Use: Potion            |     1 |       |     1 |     3 |     2 ||     7
         Scroll            |       |       |    14 |     2 |       ||    16
   Stab: Sleeping          |     2 |     5 |       |       |       ||     7
         Distracted        |       |       |     1 |     6 |       ||     7
         Petrified         |       |       |       |     2 |       ||     2
         Petrifying        |       |       |       |     1 |       ||     1
 Armour: Robe              |    64 |    47 |    61 |       |       ||   172
         Steam dragon scal |       |       |    58 |    90 |    31 ||   179
  Dodge: Dodged            |    61 |    48 |    76 |   148 |    25 ||   358

Table legend: (Time is in decaauts)
 A = Elapsed time spent in this place.
 B = Non-inter-level travel time spent in this place.
 C = Inter-level travel time spent in this place.
 D = Time resting spent in this place.
 E = Time spent auto-exploring this place.
 F = Levels seen in this place.
 G = Mean time per level.
                   A        B        C        D        E       F      G
               +--------+--------+--------+--------+--------+-----+--------+
         Total |  14203 |  13709 |    494 |   1454 |   8874 |  16 |  887.7 |
       Dungeon |  11189 |  10744 |    445 |    929 |   7234 |  11 | 1017.2 |
        Temple |      1 |      1 |      0 |      0 |      0 |   1 |    1.0 |
          Lair |   2787 |   2739 |     48 |    419 |   1639 |   3 |  929.0 |
      Ice Cave |    224 |    224 |      0 |    106 |      0 |   1 |  224.0 |
               +--------+--------+--------+--------+--------+-----+--------+

Top non-repeatable levels by time:
  Lair:2: 1534 daAuts
    D:11: 1344 daAuts
     D:5: 1243 daAuts
     D:3: 1184 daAuts
  Lair:1: 1155 daAuts
     D:6: 1139 daAuts
     D:8: 1124 daAuts
     D:4: 1046 daAuts
     D:1: 1020 daAuts
    D:10: 876 daAuts
     D:2: 775 daAuts
     D:9: 749 daAuts
     D:7: 685 daAuts
   IceCv: 224 daAuts
  Lair:3: 97 daAuts
